Map: Dusk Towers

Players

IIIIIIIIIIII

  • Race: Protoss Protoss
  • League: Diamond

LipStick - Winner!

  • Race: Terran Terran
  • League: Diamond

VOD

Have the link to the VOD?

Description

Time

  • Played on: March 19, 2016, 1:44 a.m.
  • Length: 12:04
Show
View Real Time Build Order
Export as new Build Order

IIIIIIIIIIII Protoss 

Build Orders: 1 Gate Expand 

Get SALT Encoding   

  12  0:01  Probe (Chrono Boost)  
  13  0:11  Probe (Chrono Boost)  
  14  0:19  Pylon  
  14  0:22  Probe (Chrono Boost)  
  15  0:37  Probe (Chrono Boost)  
  15  0:39  Gateway  
  16  0:48  Probe (Chrono Boost)  
  16  0:49  Assimilator  
  17  0:58  Probe (Chrono Boost)  
  18  1:09  Probe (Chrono Boost)  
  19  1:20  Nexus  
  19  1:30  Cybernetics Core  
  19  1:34  Probe (Chrono Boost)  
  19  1:38  Assimilator  
  20  1:47  Probe (Chrono Boost)  
  20  1:48  Pylon  
  21  1:58  Probe (Chrono Boost)  
  22  2:14  Mothership Core (Chrono Boost)  
  24  2:22  Pylon  
  24  2:23  Stalker (Chrono Boost)  
  26  2:32  Probe (Chrono Boost)  
  27  2:43  Warp Gate (Chrono Boost), Probe x2  
  29  2:54  Probe  
  29  2:55  Probe  
  29  2:58  Twilight Council  
  31  3:01  Stalker (Chrono Boost)  
  31  3:04  Probe  
  33  3:10  Probe  
  35  3:15  Pylon, Probe  
  36  3:22  Probe  
  36  3:25  Probe  
  38  3:34  Probe  
  38  3:36  Probe  
  38  3:40  Robotics Facility  
  40  3:46  Probe  
  40  3:47  Probe  
  42  3:58  Probe  
  43  4:03  Gateway  
  43  4:05  Gateway  
  43  4:07  Dark Shrine  
  43  4:08  Probe, Gateway  
  43  4:09  Pylon  
  44  4:10  Probe  
  44  4:15  Assimilator  
  45  4:18  Probe  
  45  4:22  Probe  
  47  4:29  Probe, Observer (Chrono Boost)  
  49  4:34  Probe  
  48  4:43  Probe  
  48  4:45  Pylon  
  49  4:47  Assimilator  
  49  4:48  Warp Prism (Chrono Boost), Probe  
  49  4:50  Stalker  
  49  4:52  Forge  
  54  4:56  Probe  
  55  5:01  Pylon  
  55  5:02  Stalker  
  55  5:07  Stalker  
  59  5:15  Stalker  
  59  5:19  Probe  
  62  5:39  Robotics Bay  
  62  5:40  Photon Cannon  
  62  5:43  Nexus, Dark Templar  
  62  5:44  Dark Templar  
  62  5:45  Pylon, Photon Cannon  
  66  5:54  Probe  
  66  5:55  Photon Cannon  
  66  5:56  Probe  
  68  6:01  Pylon  
  68  6:05  Pylon  
  68  6:06  Probe  
  68  6:08  Probe  
  70  6:15  Immortal (Chrono Boost)  
  70  6:17  Probe, Protoss Ground Weapons Level 1  
  75  6:32  Dark Templar  
  77  6:33  Dark Templar x2  
  71  6:48  Colossus (Chrono Boost)  
  71  6:50  Gateway  
  71  6:54  Pylon  
  77  6:55  Charge (Chrono Boost)  
  77  6:56  Probe x2  
  77  6:58  Probe  
  80  7:07  Probe  
  80  7:08  Stalker  
  80  7:09  Probe, Stalker  
  80  7:10  Probe  
  80  7:14  Photon Cannon  
  87  7:17  Probe  
  87  7:18  Assimilator  
  87  7:22  Probe  
  89  7:26  Extended Thermal Lance (Chrono Boost)  
  82  7:57  Colossus (Chrono Boost)  
  88  8:05  Stalker  
  86  8:12  Stargate  
  86  8:13  Dark Templar  
  88  8:49  Gateway  
  88  8:53  Templar Archives  
  88  8:54  Colossus  
  86  9:00  Void Ray (Chrono Boost)  
  96  9:03  Zealot x3  
  96  9:04  Zealot x2  
  96  9:09  Assimilator  
  106  9:14  Protoss Ground Weapons Level 2  
  106  9:19  Nexus, Gateway  
  106  9:22  Pylon  
  106  9:25  Pylon, Psionic Storm  
  106  9:27  Pylon  
  106  9:29  Pylon  
  106  9:30  Dark Templar  
  108  9:43  Zealot  
  108  9:44  Zealot  
  108  9:45  High Templar  
  114  9:49  Photon Cannon  
  114  9:59  Pylon  
  114  10:00  Pylon, Probe  
  114  10:02  Probe x2  
  114  10:05  Zealot x4  
  119  10:11  Probe  
  119  10:14  Probe x2  
  109  10:15  Dark Templar  
  112  10:24  Stalker  
  112  10:34  Void Ray  
  112  10:35  Dark Templar  
  116  10:37  Dark Templar x2  
  116  10:40  Zealot  
  120  10:50  Dark Templar  
  120  10:51  Zealot x2  
  124  11:09  Zealot x2  
  124  11:10  Zealot x2  
  103  11:12  Zealot  
  81  11:19  Zealot  
  81  11:25  Zealot  
  75  11:27  Zealot  
  70  11:32  Dark Templar  
  70  11:33  Zealot, Dark Templar x2  
  70  11:34  Zealot  
  74  11:49  Zealot x2  
  72  11:55  Dark Templar  
  72  11:56  Zealot  
Show
View Real Time Build Order
Export as new Build Order

LipStick Terran - Winner!

Build Orders: Reaper Expand, MMM Bio 

Get SALT Encoding   

  12  0:00  SCV  
  13  0:13  SCV  
  14  0:18  Supply Depot  
  14  0:25  SCV  
  15  0:39  SCV  
  15  0:41  Barracks  
  16  0:49  Refinery  
  16  0:51  SCV  
  17  1:04  SCV  
  18  1:16  SCV  
  19  1:29  Orbital Command  
  19  1:31  Reaper  
  20  1:53  Command Center  
  20  1:56  SCV  
  21  2:03  Supply Depot  
  21  2:04  Barracks Reactor  
  22  2:08  SCV  
  23  2:22  SCV  
  23  2:29  Factory  
  23  2:35  SCV  
  24  2:41  Marine x2  
  26  2:45  Refinery  
  26  2:47  SCV  
  27  2:58  Supply Depot  
  27  2:59  SCV, Marine  
  27  3:00  Marine  
  30  3:07  Orbital Command  
  30  3:11  SCV  
  31  3:18  Marine x2, Factory Tech Lab  
  33  3:23  SCV  
  34  3:33  SCV  
  35  3:35  SCV  
  35  3:36  Marine x2  
  35  3:38  Cyclone  
  35  3:40  Starport  
  41  3:48  SCV x2  
  42  3:50  Refinery  
  42  3:54  Marine  
  42  3:55  Supply Depot  
  43  4:00  SCV x2  
  45  4:06  Engineering Bay  
  45  4:07  Marine  
  46  4:12  SCV, Marine  
  46  4:15  SCV  
  49  4:18  Liberator  
  49  4:22  Fusion Core  
  50  4:24  SCV  
  50  4:27  SCV  
  51  4:34  Marine x2  
  56  4:38  SCV  
  56  4:43  SCV  
  58  4:47  Missile Turret  
  58  4:49  Missile Turret  
  58  4:50  SCV  
  59  4:52  Supply Depot  
  59  4:55  SCV  
  60  5:01  Liberator  
  60  5:02  SCV  
  61  5:07  SCV  
  61  5:10  Barracks x2  
  61  5:11  Advanced Ballistics  
  62  5:14  Marine x2  
  62  5:15  SCV  
  62  5:20  Supply Depot, SCV  
  69  5:27  SCV  
  70  5:32  Factory Tech Lab  
  70  5:38  Refinery  
  70  5:42  SCV, Marine x2  
  73  5:43  Supply Depot x2  
  73  5:44  Liberator, SCV  
  74  5:56  Command Center  
  74  6:03  SCV  
  78  6:05  SCV  
  78  6:07  Supply Depot  
  78  6:10  Supply Depot  
  79  6:17  SCV, Marine  
  79  6:18  Marine x2  
  82  6:19  Stimpack  
  82  6:20  Marauder  
  77  6:44  SCV  
  78  6:50  Supply Depot  
  78  6:57  Supply Depot  
  75  7:02  Starport Reactor  
  75  7:08  SCV  
  75  7:09  SCV  
  75  7:15  Orbital Command  
  77  7:17  Terran Infantry Weapons Level 1  
  77  7:20  Engineering Bay, Armory  
  77  7:21  SCV  
  78  7:24  Marauder, Marine x2  
  78  7:27  Combat Shields  
  82  7:34  Barracks  
  82  7:41  Medivac, Barracks  
  82  7:42  Medivac  
  83  7:44  Marine x2  
  83  7:45  Marauder, Orbital Command, Barracks, Marine  
  88  7:57  SCV x2  
  90  8:00  Terran Infantry Armor Level 1  
  90  8:06  Marauder, Marine x2  
  90  8:11  Supply Depot, Liberator x2  
  90  8:12  SCV x2  
  96  8:13  SCV  
  96  8:14  Refinery  
  96  8:15  Terran Vehicle And Ship Armor Level 1  
  96  8:17  Refinery  
  97  8:22  Marine  
  97  8:23  Marauder, Missile Turret  
  100  8:29  SCV x2  
  108  8:34  Supply Depot  
  108  8:35  Supply Depot  
  108  8:36  Missile Turret  
  108  8:38  Barracks Tech Lab, Missile Turret  
  108  8:39  Supply Depot, Barracks Reactor  
  108  8:45  Missile Turret  
  108  8:49  Marauder  
  108  9:00  Marine x2  
  108  9:01  Marauder x2, Barracks Reactor  
  114  9:03  Missile Turret  
  114  9:05  Starport  
  114  9:06  Missile Turret  
  114  9:07  Supply Depot  
  114  9:12  Marauder  
  114  9:13  Medivac  
  114  9:14  Medivac  
  120  9:18  Marine  
  121  9:28  Marine x2  
  121  9:29  Marine  
  124  9:31  Command Center  
  124  9:37  Supply Depot  
  124  9:41  Marauder, Marine x2  
  124  9:42  Starport Reactor  
  124  10:02  Liberator  
  107  10:17  Marine x3  
  107  10:18  Marauder x3, Medivac, Marine  
  107  10:19  Medivac x2  
  126  10:31  Liberator  
  126  10:32  Marine x2  
  126  10:35  Marine x2  
  129  10:39  Marauder x3  
  139  10:50  Marine x4  
  139  10:51  Orbital Command  
  139  10:53  Marine  
  144  11:00  Marauder  
  144  11:01  Marauder x2  
  123  11:17  Marine x2  
  123  11:18  Marine x2  
  110  11:22  Marauder x2, Marine  
  110  11:23  Marine x2  
  102  11:40  SCV x3  
  102  11:41  SCV  
  100  11:52  SCV x2  
Tags
 
Add a new tag
Caveats
  • Supply blocks, unpowered buildings, or Contaminate may cause inaccurate times.
  • Supply counts are checked every 10 seconds.